 Dungeon Crawl Stone Soup version 0.17.2 (webtiles) character file.

171 Goblin1989 the Insei (level 5, 0/41 HPs)
             Began as a Demonspawn Monk on June 3, 2016.
             Slain by an orc wizard
             ... wielding a +0 dagger
              (5 damage)
             ... on level 3 of the Dungeon.
             The game lasted 00:06:11 (2941 turns).

Goblin1989 the Insei (Demonspawn Monk)              Turns: 2941, Time: 00:06:11

Health: 0/41       AC:  3    Str: 13    XL:     5   Next: 26%
Magic:  9/14       EV: 13    Int: 11    God:
Gold:   126        SH:  0    Dex: 15    Spells: 0 memorised, 4 levels left

rFire  . . .     SeeInvis .       - Unarmed
rCold  . . .     Clarity  .     a - +0 robe
rNeg   . . .     SustAt   .     (no shield)
rPois  .         Gourm    +     (no helmet)
rElec  .         Spirit   .     (no cloak)
rCorr  .         Warding  .     j - +0 pair of gloves
rMut   .         Stasis   .     (no boots)
MR     .....                    c - amulet of the gourmand {Gourm, !d}
Stlth  ++........               (no ring)
                                o - ring of magical power {MP+9}

@: not resistant to hostile enchantments, unstealthy
A: powered by pain 2
a: no special abilities


You were on level 3 of the Dungeon.
You were hungry.

You visited 1 branch of the dungeon, and saw 3 of its levels.

You collected 126 gold pieces.

Inventory:

Armour
 a - a +0 robe (worn)
 j - a +0 pair of gloves (worn)
Jewellery
 c - an amulet of the gourmand (around neck) {Gourm, !d}
 o - a ring of magical power (left hand) {MP+9}
Scrolls
 e - a scroll of teleportation {unknown}
 f - 3 scrolls of identify {unknown}
 h - 3 scrolls of noise {unknown}
 k - a scroll of recharging {unknown}
 m - a scroll of magic mapping {unknown}
 p - a scroll of remove curse {unknown}
Potions
 d - a potion of beneficial mutation {unknown}
 g - a potion of resistance {unknown}
 n - a potion of mutation {unknown}
Comestibles
 b - 3 bread rations
 i - 3 fruits
 l - a beef jerky


   Skills:
 - Level 3.0 Fighting
 - Level 2.6 Dodging
 - Level 1.7 Stealth
 + Level 6.0 Unarmed Combat


You had 4 spell levels left.
You didn't know any spells.

Dungeon Overview and Level Annotations

Branches:
Dungeon (3/15)

Altars:


Innate Abilities, Weirdness & Mutations

You sometimes gain power by taking damage.


Message History

Found 18 stones.
There is an open door, spattered with blood here.
Items here: ))) [[ † a dagger; a robe; a dagger; a leather armour; a war axe; an orc corpse You take 3 damage, and have 14/41 hp.
You hear some strange, mumbled words.
You barely miss the orc. You miss something. Something hits you.
You take 1 damage, and have 14/41 hp.
You punch something! Something hits you but does no damage.
You hit something but do no damage. Something hits you but does no damage.
You closely miss something. Something hits you but does no damage.
You hit something.
You hear some strange, mumbled words.
A magic dart appears from out of thin air!
The magic dart hits you!
* * * LOW HITPOINT WARNING * * *
You take 9 damage, and have 5/41 hp.
MASSIVE DAMAGE!!
You closely miss something. Something hits you.
You die...

######### #####.......#######
......)...........#
#####.......#####.#####
#...........##...>.
##.......##†##..##
#...............#
#.....#.#.#.#.#.## #
##@###.#.#.#.#.#.## .#
#{##.#.#.#.#.#.#.. #.
#.o.##.#.#.#.#.#.## ##. ##
#......#.#.#.#.#.#.. #.###.#
#.....)#.#.#.#.#.#.#.
###..#..####........#.#.#.#.#.##.
...........+.......#.#.#.#.#.#.#.
###.#...####.....=..#.#.#.#.#.##.
#.>.......###.....(#.#.#.#.#.#.#.


You could see an orc.

Vanquished Creatures
  4 gnolls (D:2)
  3 adders
  2 oozes
  A worm (D:1)
  3 giant geckos
  7 orcs
  3 hobgoblins
  2 jackals (D:2)
  7 kobolds
  A quokka (D:3)
  A ball python (D:1)
  7 bats
  A giant cockroach (D:1)
  5 giant newts
  7 goblins
  7 rats
61 creatures vanquished.

Vanquished Creatures (others)
  An orc wizard (D:3)
1 creature vanquished.

Grand Total: 62 creatures vanquished

Notes
Turn   | Place    | Note
--------------------------------------------------------------
     0 | D:1      | Goblin1989 the Demonspawn Monk began the quest for the Orb.
     0 | D:1      | Reached XP level 1. HP: 18/18 MP: 1/1
     1 | D:1      | ololoev: лол, не связывайся с дефе
    64 | D:1      | Goblin1989: я его убил!
   344 | D:1      | Reached skill level 4 in Unarmed Combat
   344 | D:1      | Gained mutation: You sometimes gain a little power by taking damage. [demonic ancestry]
   344 | D:1      | Reached XP level 2. HP: 24/24 MP: 2/2
   364 | D:1      | ololoev: он тебя тоже
   705 | D:1      | Reached XP level 3. HP: 25/29 MP: 3/3
  1307 | D:2      | Reached skill level 5 in Unarmed Combat
  1319 | D:2      | Gained mutation: You sometimes gain power by taking damage. [demonic ancestry]
  1319 | D:2      | Reached XP level 4. HP: 28/35 MP: 4/4
  2240 | D:2      | Found a faded altar to an unknown god.
  2891 | D:3      | Reached XP level 5. HP: 39/41 MP: 5/5
  2932 | D:3      | Reached skill level 6 in Unarmed Combat
  2941 | D:3      | Slain by an orc wizard

Action                   |  1- 3 |  4- 6 || total
-------------------------+-------+-------++-------
Melee: Unarmed           |   159 |   124 ||   283
  Use: Potion            |       |     1 ||     1
 Stab: Sleeping          |     2 |     7 ||     9
       Distracted        |     1 |       ||     1
  Eat: Chunk             |     1 |     5 ||     6
